 Dungeon Sprint DCSS version 0.30-a0-743-gbfdf073431 (webtiles) character file.

Game seed: 15384203327187855515

7 BigDaddyOpFi the Sneak (level 1, -5/7 HPs)
             Began as a Felid Air Elementalist on Feb 7, 2023.
             Shot with an arrow by a centaur (12 damage)
             ... in the Dungeon (Sprint IX: "|||||||||||||||||||||||||||||").
             The game lasted 00:00:12 (158 turns).

BigDaddyOpFi the Sneak (Felid Air Elementalist)      Turns: 158, Time: 00:00:12

Health: -5/7       AC:  1    Str:  4    XL:     1   Next: 83%
Magic:  4/4        EV: 18    Int: 16    God:
Gold:   0          SH:  0    Dex: 16    Spells: 3/4 levels left
                                        Lives:  0   Deaths: 0

rFire   . . .      SeeInvis +    (weapon unavailable)
rCold   . . .      Faith    .    (shield unavailable)
rNeg    . . .      Spirit   .    (body armour unavailable)
rPois   .          Reflect  .    (helmet unavailable)
rElec   .          Harm     .    (cloak unavailable)
rCorr   .          Rampage  .    (gloves unavailable)
Will    .....      NoTele   +    (boots unavailable)
Stlth   +++                      (no amulet)
HPRegen 0.21/turn                (no ring)
MPRegen 0.09/turn                (no ring)

@: quick
A: very small, claws 1, fangs 3, see invisible, speed 1, shaggy fur 1, stealthy
paws, no weapons or thrown items, no armour, multi-lived
a: no special abilities


You were in the Dungeon.
You visited 1 branch

Inventory:

Scrolls
 f - a scroll of blinking
Potions
 a - 3 potions of magic
 b - a potion of curing
 c - a potion of heal wounds
 d - a potion of haste
 e - a potion of berserk rage


   Skills:
 + Level 3.4 Dodging
 + Level 3.6 Stealth
 + Level 2.4 Spellcasting
 + Level 1.6 Conjurations
 + Level 3.1 Air Magic


You had 3 spell levels left.
You knew the following spells:

 Your Spells              Type           Power      Damage    Failure   Level
a - Shock                 Conj/Air       36%        1d5       8%          1

Your spell library contained the following spells:

 Spells                   Type           Power      Damage    Failure   Level
 Static Discharge         Conj/Air       18%        2-3/arc   11%         2
 Swiftness                Air            11%        N/A       17%         3
 Airstrike                Air            5%         2d(1-17)  50%         4


Dungeon Overview and Level Annotations

Branches:
Dungeon (1/1)

Altars:


Innate Abilities, Weirdness & Mutations

You have sharp claws.
You have razor-sharp teeth.
You have supernaturally acute eyesight. (SInv)
You cover ground quickly. (Speed+)
You are covered in fur. (AC +1)
Your paws help you pounce on unaware monsters.
You are incapable of wielding weapons or throwing items.
You cannot wear armour.
You gain extra lives every three experience levels.


Message History

Aim: a kobold, wielding a +2 whip of pain (severely wounded, 60% to hit)
You miscast Shock.
You are very lightly contaminated with residual magic.
Nothing appears to happen.
You don't have enough magic to cast this spell.
You scratch the dart slug but do no damage.
The dart slug is almost dead.
The dart slug barely misses you.
You scratch the dart slug but do no damage.
The dart slug is almost dead.
The dart slug misses you.
You scratch the dart slug.
You kill the dart slug!
Your Air Magic skill increases to level 3!
You barely miss the kobold.
The kobold is severely wounded.
The kobold misses you.
You closely miss the kobold.
The kobold is severely wounded.
The kobold hits you with a +2 whip of pain.
You scratch the kobold.
You kill the kobold!
Your magical contamination has completely faded away.
There is an open door to the Dungeon here.
Things that are here:
a +2 whip of pain; a kobold corpse You start resting.
HP restored.
You start resting.
Magic restored.
You start waiting.
Done waiting.
You start waiting.
You see here a ball python corpse.
As you open the door, it creaks loudly!
A centaur, 2 scorpions, an adder and a hound come into view.
The centaur shouts!
The adder hisses angrily.
The hound barks!
The centaur wields a +0 shortbow.
The centaur shoots an arrow.
The arrow hits you!
Ouch! That really hurt!
You die... ▓▓▓▓▓▓▓▓▓▓▓▓▓▓▓▓▓▓ ▓<...)....@'cssSh+ ▓▓▓▓▓▓▓▓▓▓▓▓▓▓▓▓▓▓

You could see a centaur, 2 scorpions, a hound and an adder.

Vanquished Creatures
  A dart slug (D)
  An endoplasm (D)
  A kobold (D)
  A ball python (D)
  A rat (D)
5 creatures vanquished.

Notes
Turn   | Place    | Note
-------+----------+-------------------------------------------
     0 | D        | BigDaddyOpFi the Felid Air Elementalist began the quest for
                  | the Orb.
     0 | D        | Reached XP level 1. HP: 7/7 MP: 4/4
     5 | D        | Reached skill level 1 in Conjurations
   158 | D        | Noticed a centaur
   158 | D        | Noticed a scorpion
   158 | D        | Noticed a scorpion
   158 | D        | Noticed a hound
   158 | D        | Shot with an arrow by a centaur

Illustrated notes

Levels and vault maps discovered:
D:        linesprint [early_d, line_temple, items_1, d_10, items_2, lair_1,
          lair_end, items_3, orc_1, orc_end, items_4, d_15, swamp_1, shoals_1,
          snake_1, spider_1, d_20, vaults_1, items_5, swamp_end, shoals_end,
          snake_end, spider_end, vaults_end, d_27, items_6, zot_1, zot_end,
          crypt_end, forest_end, elf_end, slime_end, tomb_end, abyss_end,
          pan_hell_end]

Skill      XL: |  1 |
---------------+----+-----
Dodging        | 3 |  3.4
Stealth        | 3 |  3.6
Conjurations   | 1 |  1.6
Air Magic      | 3 |  3.1
Spellcasting   | |  2.4

Action                     || total
---------------------------++-------
  Melee: Unarmed           ||     6
   Cast: Shock             ||     3
  Dodge: Dodged            ||     3

Table legend: (Time is in decaauts)
 A = Elapsed time spent in this place.
 B = Non-inter-level travel time spent in this place.
 C = Inter-level travel time spent in this place.
 D = Time resting spent in this place.
 E = Time spent auto-exploring this place.
 F = Levels seen in this place.
 G = Mean time per level.
                   A        B        C        D        E       F      G
               +--------+--------+--------+--------+--------+-----+--------+
         Total |    156 |    156 |      0 |    137 |      0 |   1 |  156.0 |
       Dungeon |    156 |    156 |      0 |    137 |      0 |   1 |  156.0 |
               +--------+--------+--------+--------+--------+-----+--------+

Top non-repeatable levels by time:
       D: 156 daAuts
